 Dungeon Crawl Stone Soup version 0.28-a0-533-g9f97627e2a (webtiles) character file.

Game seed: 8780949521612683602

9762 varam the Covert (level 11, -5/57 HPs)
             Began as a Spriggan Enchanter on Sept 25, 2021.
             Was a Priest of Ru.
             Killed by the air
             ... invoked by Gastronok
              (27 damage)
             ... on level 2 of the Lair of Beasts.
             The game lasted 00:47:18 (14530 turns).

varam the Covert (Spriggan Enchanter)              Turns: 14530, Time: 00:47:18

Health: -5/57      AC:  4    Str:  5    XL:     11   Next: 27%
Magic:  9/29       EV: 22    Int: 18    God:    Ru [***...]
Gold:   559        SH:  0    Dex: 17    Spells: 1/21 levels left

rFire   . . .      SeeInvis +   a - +4 short sword
rCold   . . .      Faith    .   (shield restricted)
rNeg    . . .      Spirit   .   m - +2 robe {Will+}
rPois   .          Reflect  .   (helmet restricted)
rElec   .          Harm     .   h - +0 cloak
rCorr   .          Rampage  .   (gloves unavailable)
Will    ++...                   (boots unavailable)
Stlth   +++++.....              (no amulet)
HPRegen 0.19/turn               p - ring of magical power
MPRegen 0.21/turn               (no ring)

@: very quick
A: very small, no large weapons, unfitting armour, see invisible, speed 3, hated
by all, inability to train armour, deformed body, robust 1
a: Renounce Religion, Draw Out Power


You were on level 2 of the Lair of Beasts.
You worshipped Ru.
Ru was most pleased with you.
You visited 2 branches of the dungeon, and saw 12 of its levels.
You also visited: Sewer.

You collected 647 gold pieces.
You spent 88 gold pieces at shops.

Inventory:

Hand Weapons
 a - a +4 short sword (weapon)
   (You took it off a kobold on level 2 of the Dungeon)
 b - a +2 hand axe of distortion
   (You took it off an orc priest on level 4 of the Dungeon)
 j - a +1 dagger of flaming
   (You took it off an orc on level 2 of the Dungeon)
 J - a +1 vorpal shortbow
   (You took it off a centaur on level 7 of the Dungeon)
Missiles
 l - 304 stones (quivered)
 o - 3 throwing nets
 s - 3 boomerangs
 F - 41 arrows
Armour
 h - a +0 cloak (worn)
   (You found it on level 2 of the Dungeon)
 m - a +2 robe of willpower (worn)
   (You found it on level 3 of the Dungeon)
Jewellery
 k - a ring of ice
   (You found it on level 7 of the Dungeon)
 p - a ring of magical power (left hand)
   (You found it on level 5 of the Dungeon)
Wands
 u - a wand of iceblast (7)
   (You found it on level 8 of the Dungeon)
 v - a wand of digging (15)
   (You found it on level 3 of the Dungeon)
Scrolls
 d - a scroll of magic mapping
 f - 2 scrolls of enchant armour
 g - 2 scrolls of fear {unknown}
 i - 3 scrolls of amnesia
 t - a scroll of teleportation
 z - 2 scrolls of blinking
 A - 4 scrolls of immolation
 B - a scroll of noise {unknown}
Potions
 c - 2 potions of resistance {unknown}
 e - a potion of experience {unknown}
 n - a potion of attraction
 q - 3 potions of curing
 r - a potion of cancellation
 w - 2 potions of heal wounds
 x - 2 potions of flight
 y - 2 potions of ambrosia
 C - 2 potions of berserk rage {unknown}
 D - 2 potions of mutation
 E - 2 potions of degeneration {unknown}
 G - a potion of haste
 H - 2 potions of might {unknown}
 I - a potion of magic
 K - 2 potions of invisibility


   Skills:
 - Level 3.3 Fighting
 - Level 5.1 Short Blades
 - Level 2.2 Throwing
 - Level 8.3 Dodging
 - Level 12.0 Stealth
 - Level 5.5 Spellcasting
 - Level 2.0 Conjurations
 + Level 9.7 Hexes
 + Level 8.7 Transmutations
 - Level 3.6 Air Magic
 - Level 5.8 Poison Magic


You had one spell level left.
You knew the following spells:

 Your Spells              Type           Power      Damage    Failure   Level
a - Ensorcelled Hibernat  Hex/Ice        44%        N/A       2%          2
b - Spider Form           Tmut/Pois      15%        N/A       1%          3
c - Dazzling Flash        Conj/Hex       52%        N/A       3%          3
d - Yara's Violent Unrav  Hex/Tmut       19%        3d9       8%          5
e - Poisonous Vapours     Pois/Air       44%        N/A       2%          2
f - Confusing Touch       Hex            40%        N/A       1%          3
g - Slow                  Hex            40%        N/A       1%          2

Your spell library contained the following spells:

 Spells                   Type           Power      Damage    Failure   Level
 Pain                     Necr           20%        1d5       13%         1
 Sandblast                Erth           10%        2d5       13%         1
 Passwall                 Tmut/Erth      16%        N/A       3%          2
 Corpse Rot               Necr/Air       N/A        N/A       9%          2
 Stone Arrow              Conj/Erth      16%        3d8       24%         3
 Vampiric Draining        Necr           2%         2d6       36%         3
 Passage of Golubria      Tloc           N/A        N/A       77%         4
 Animate Skeleton         Necr           Unusable   N/A       N/A         1
 Summon Small Mammal      Summ           Unusable   N/A       N/A         1
 Tukima's Dance           Hex            Unusable   N/A       N/A         3
 Summon Guardian Golem    Hex/Summ       Unusable   N/A       N/A         3
 Call Canine Familiar     Summ           Unusable   N/A       N/A         3

Dungeon Overview and Level Annotations

Branches:
Dungeon (9/15)             Temple (0/1) D:6            Lair (3/6) D:9
  Swamp (0/4) Lair:3        Snake (0/4) Lair:3        Sewer (visited)
    Orc: D:9-12

Altars:
Qazlal
Ru

Shops:
D:2 !

Annotations:
D:9 3 runed translucent doors, NigelTetley's ghost, novice DECj
Lair:2 Fannar; Gastronok


Innate Abilities, Weirdness & Mutations

You are very small and have problems with some larger weapons.
You are too small for most types of armour.
You have supernaturally acute eyesight. (SInv)
You cover ground extremely quickly. (Speed+++)
You are hated by all.
You cannot train Armour skill.
Armour fits poorly on your strangely shaped body.
You are robust. (+10% HP)


Message History

Press: ? - help, Shift-Dir - straight line, f/p - Gastronok
Aim: Gastronok, wearing a +1 hat (lightly wounded, poisoned, chance to affect: 26%) Gastronok easily resists.
Casting: Slow (safe; 1% risk of failure)
Confirm with . or Enter, or press ? or * to list all spells.
Aiming: Slow (safe; 1% risk of failure)
Press: ? - help, Shift-Dir - straight line, f/p - Gastronok
Aim: Gastronok, wearing a +1 hat (lightly wounded, poisoned, chance to affect: 26%) Gastronok easily resists.
Gastronok bites you!!
Casting: Slow (safe; 1% risk of failure)
Confirm with . or Enter, or press ? or * to list all spells.
Aiming: Ensorcelled Hibernation (safe; 2% risk of failure)
Press: ? - help, Shift-Dir - straight line, f/p - Gastronok
Aim: Gastronok, wearing a +1 hat (poisoned, chance to affect: 9%) Gastronok resists with almost no effort.
Casting: Ensorcelled Hibernation (safe; 2% risk of failure)
Confirm with . or Enter, or press ? or * to list all spells.
Aiming: Ensorcelled Hibernation (safe; 2% risk of failure)
Press: ? - help, Shift-Dir - straight line, f/p - Gastronok
Aim: Gastronok, wearing a +1 hat (lightly wounded, poisoned, chance to affect: 9%) Gastronok resists with almost no effort.
Gastronok looks more healthy.
Gastronok misses you.
Casting: Ensorcelled Hibernation (safe; 2% risk of failure)
Confirm with . or Enter, or press ? or * to list all spells.
Aiming: Ensorcelled Hibernation (safe; 2% risk of failure)
Press: ? - help, Shift-Dir - straight line, f/p - Gastronok
Aim: Gastronok, wearing a +1 hat (lightly wounded, chance to affect: 9%) Gastronok resists with almost no effort.
Casting: Ensorcelled Hibernation (safe; 2% risk of failure)
Confirm with . or Enter, or press ? or * to list all spells.
Aiming: Ensorcelled Hibernation (safe; 2% risk of failure)
Press: ? - help, Shift-Dir - straight line, f/p - Gastronok
Aim: Gastronok, wearing a +1 hat (lightly wounded, chance to affect: 9%) Gastronok resists with almost no effort.
Gastronok bites you!
You hit Gastronok.
Gastronok is lightly wounded.
Gastronok waves his eye-stalks in wide circles.
The air twists around and strikes you!!
You die...

#### ### #
###..###.#######
####.#P............
#P.......#.##.#####
##...#.#..##### ##
##.######.######.##
#..## ##....#..#..
##..# #.#.#.......
#@## ##...#...#..
#.## ###......#.
#..## #...#....
#...# ##.......#
##w## #P..#..##.
#†# #...#..... #.#
##......... #..
###.......... ...
#.#....#..##.


You could see Gastronok.

Vanquished Creatures
  Harold (D:7)
  An elephant (Lair:3)
  A cane toad (Lair:1)
  A rime drake (Lair:2)
  2 komodo dragons (Lair:1)
  A troll (D:9)
  A blink frog (Lair:3)
  2 wyverns (D:9)
  17 yaks
  4 basilisks
  2 steam dragons
  3 water moccasins
  An orc warrior (D:8)
  Purgy (Sewer)
  An ogre (D:5)
  3 black bears
  3 necrophages
  7 wolves
  2 centaurs (D:7)
  2 phantoms
  2 kobold brigands
  5 bullfrogs
  2 scorpions
  5 wights (D:8)
  3 howler monkeys (D:7)
  2 bullfrog skeletons
  A bullfrog zombie (D:5)
  4 orc priests
  A centaur skeleton (D:3)
  2 gnoll shamans
  3 hounds
  2 iguanas
  A scorpion zombie (D:5)
  4 orc wizards
  A howler monkey zombie (D:9)
  7 gnolls
  7 adders
  2 white imps
  2 adder skeletons (D:5)
  A worm (D:4)
  2 dart slugs
  23 orcs
  8 endoplasms
  6 giant cockroaches
  9 goblins
  5 hobgoblins
  12 jackals
  8 quokkas
  7 ball pythons
  7 bats
  11 frilled lizards
  15 kobolds
  4 rats
  A butterfly (Lair:2)
231 creatures vanquished.

Vanquished Creatures (collateral kills)
  An orc (D:3)
1 creature vanquished.

Vanquished Creatures (others)
  A dancing weapon (D:3)
  22 fungi
  68 plants
91 creatures vanquished.

Grand Total: 323 creatures vanquished

Notes
Turn   | Place    | Note
-------+----------+-------------------------------------------
     0 | D:1      | varam the Spriggan Enchanter began the quest for the Orb.
     0 | D:1      | Reached XP level 1. HP: 9/9 MP: 5/5
   355 | D:1      | You fall into a shaft and drop 1 floor!
   412 | D:2      | Reached skill level 5 in Stealth
   412 | D:2      | Reached XP level 2. HP: 11/13 MP: 6/6
   415 | D:2      | Learned a level 2 spell: Ensorcelled Hibernation
   678 | D:2      | Found a stormy altar of Qazlal.
  1064 | D:1      | Reached XP level 3. HP: 10/16 MP: 2/8
  1980 | D:1      | Found a faded altar of an unknown god.
  2212 | D:1      | Became a worshipper of Ru the Awakened
  2228 | D:1      | Gained mutation: You cannot train Armour skill. [Ru
                  | sacrifice]
  2228 | D:1      | Reached * piety under Ru
  2556 | D:1      | Reached skill level 6 in Stealth
  3024 | D:2      | Reached XP level 4. HP: 21/21 MP: 9/9
  3050 | D:2      | Learned a level 3 spell: Tukima's Dance
  3054 | D:2      | Learned a level 3 spell: Dazzling Flash
  3201 | D:2      | Found Abbat's Distillery.
  3218 | D:2      | Bought a potion of mutation for 88 gold pieces
  3218 | D:2      | Gained mutation: You have large cloven feet. [potion of
                  | mutation]
  3218 | D:2      | Gained mutation: You are dopey. (Int -2) [potion of
                  | mutation]
  3218 | D:2      | Gained mutation: You are robust. (+10% HP) [potion of
                  | mutation]
  3884 | D:3      | Lost mutation: You have large cloven feet. [potion of
                  | mutation]
  3884 | D:3      | Lost mutation: You are robust. (+10% HP) [potion of
                  | mutation]
  3884 | D:3      | Lost mutation: You are dopey. (Int -2) [potion of mutation]
  3884 | D:3      | Gained mutation: Armour fits poorly on your strangely
                  | shaped body. [potion of mutation]
  3884 | D:3      | Gained mutation: You are robust. (+10% HP) [potion of
                  | mutation]
  3933 | D:3      | Reached skill level 7 in Stealth
  3933 | D:3      | Reached XP level 5. HP: 23/26 MP: 1/10
  5290 | D:4      | Reached skill level 8 in Stealth
  5290 | D:4      | Reached XP level 6. HP: 16/30 MP: 11/11
  5317 | D:4      | Found a glowing drain.
  5350 | Sewer    | Entered a sewer
  5376 | Sewer    | Noticed Purgy
  5420 | Sewer    | Killed Purgy
  5421 | Sewer    | Reached skill level 5 in Short Blades
  5944 | D:4      | Gained mutation: You are hated by all. [Ru sacrifice]
  5944 | D:4      | Reached ** piety under Ru
  5944 | D:4      | Reached *** piety under Ru
  6185 | D:5      | Entered Level 5 of the Dungeon
  6236 | D:4      | Reached XP level 7. HP: 17/35 MP: 8/13
  6570 | D:5      | Reached skill level 5 in Hexes
  7039 | D:5      | Reached skill level 1 in Fighting
  7936 | D:4      | Reached XP level 8. HP: 28/42 MP: 11/15
  8043 | D:4      | Learned a level 5 spell: Yara's Violent Unravelling
  8224 | D:5      | Reached skill level 5 in Dodging
  8865 | D:6      | Learned a level 2 spell: Poisonous Vapours
  8943 | D:6      | Reached skill level 1 in Poison Magic
  9036 | D:6      | Reached skill level 1 in Air Magic
  9222 | D:6      | Identified the +1 leather armour "Akemob" {rElec Str+2}
  9227 | D:6      | Found a staircase to the Ecumenical Temple.
  9734 | D:7      | Noticed Harold
  9755 | D:7      | Killed Harold
  9756 | D:7      | Reached XP level 9. HP: 48/48 MP: 16/16
 10149 | D:7      | Reached skill level 1 in Throwing
 10581 | D:8      | Reached skill level 9 in Stealth
 10613 | D:8      | Learned a level 3 spell: Spider Form
 10832 | D:8      | Reached skill level 1 in Transmutations
 10858 | D:8      | Reached skill level 10 in Stealth
 11271 | D:8      | Reached skill level 5 in Poison Magic
 11550 | D:9      | Noticed NigelTetley's ghost (novice DECj)
 12231 | D:9      | Reached XP level 10. HP: 50/53 MP: 12/17
 12392 | D:9      | Reached skill level 11 in Stealth
 12392 | D:9      | Reached skill level 5 in Transmutations
 12611 | D:9      | Found a runed translucent gate.
 12611 | D:9      | Found a runed translucent gate.
 12611 | D:9      | Found a runed translucent gate.
 12685 | D:9      | Found a staircase to the Lair.
 12696 | D:9      | Reached skill level 1 in Conjurations
 12707 | Lair:1   | Entered Level 1 of the Lair of Beasts
 12716 | Lair:1   | Reached skill level 5 in Spellcasting
 12736 | Lair:1   | Learned a level 3 spell: Confusing Touch
 12961 | Lair:2   | Reached skill level 12 in Stealth
 12993 | Lair:1   | Noticed a cane toad
 13365 | Lair:1   | Noticed a cane toad
 13371 | Lair:1   | Killed a cane toad
 13392 | Lair:1   | You fall into a shaft and drop 1 floor!
 13548 | Lair:2   | Noticed Fannar
 13562 | Lair:3   | Reached XP level 11. HP: 55/57 MP: 20/20
 13768 | Lair:3   | Found a staircase to the Swamp.
 13950 | Lair:3   | Learned a level 2 spell: Slow
 14090 | Lair:3   | Found a staircase to the Snake Pit.
 14505 | Lair:2   | Noticed Gastronok
 14530 | Lair:2   | Killed from afar by Gastronok

Illustrated notes

Levels and vault maps discovered:
D:1:      lemuel_arrival_broad_hall, layout_basic, serial_bayou,
          serial_bayou_pond_e, serial_bayou_lagoon_a, serial_bayou_pond_b,
          serial_bayou_ford_a, shapermc_ecumenical_altar_petra
D:2:      layout_loops_corners, basic_altar, serial_shops, nicolae_diamond_shop
D:3:      layout_rooms
D:4:      layout_gridville, portal_sewer_entry_f,
          chequers_serial_rivers_micro_b, grunt_ministairs_2, minmay_liquid_box
D:5:      layout_rooms
D:6:      layout_gridville, minmay_temple_entry_drinking_statues
D:7:      layout_loops_corners, uniq_harold
D:8:      layout_basic, st_stairs_12, amcnicky_mini_pool_small
D:9:      layout_basic, minmay_lair_entry_grove, gammafunk_ghost_icy,
          serial_rivers, chequers_serial_rivers_small_b,
          chequers_serial_rivers_micro_e, chequers_serial_rivers_large_b,
          chequers_serial_rivers_large_a, chequers_serial_rivers_micro_b
Lair:1:   layout_long_grid, uniq_maggie
Lair:2:   layout_loops_ring, minivault_26, lemuel_fruit_fields, uniq_gastronok,
          uniq_fannar
Lair:3:   layout_layer_cave, swamp_mist, minmay_snake_entry_guardpost_large,
          wad_woods_river_01

Skill      XL: |  1  2  3  4  5  6  7  8  9 10 11 |
---------------+----------------------------------+-----
Short Blades   | 2 3 4 5 |  5.1
Stealth        | 5 6 7 8 10 12 | 12.0
Spellcasting   | 3 4 5 |  5.5
Hexes          | 4 6 8 9 |  9.7
Fighting       | 2 3 |  3.3
Dodging        | 4 8 |  8.3
Poison Magic   | 3 5 |  5.8
Air Magic      | 3 |  3.6
Throwing       | 2 |  2.2
Transmutations | 4 7 8 |  8.7
Conjurations   | 2 |  2.0

Action                   |  1- 3 |  4- 6 |  7- 9 | 10-12 || total
-------------------------+-------+-------+-------+-------++-------
Melee: Dagger            |   231 |    82 |   193 |    92 ||   598
       Short sword       |       |   109 |    59 |    25 ||   193
       Kick              |       |     3 |       |       ||     3
       Hand axe          |       |       |    54 |       ||    54
       Unarmed           |       |       |    21 |       ||    21
 Fire: Shortbow          |       |       |     9 |       ||     9
Throw: Stone             |       |     5 |    14 |     1 ||    20
       Throwing net      |       |       |     3 |     1 ||     4
       Boomerang         |       |       |       |     1 ||     1
 Cast: Ensorcelled Hiber |    13 |    33 |    72 |    79 ||   197
       Tukima's Dance    |       |     1 |       |       ||     1
       Dazzling Flash    |       |       |     2 |     8 ||    10
       Poisonous Vapours |       |       |     5 |    12 ||    17
       Spider Form       |       |       |     2 |       ||     2
       Confusing Touch   |       |       |       |     2 ||     2
       Yara's Violent Un |       |       |       |     2 ||     2
       Slow              |       |       |       |     2 ||     2
Invok: Sacrifice Durabil |     1 |       |       |       ||     1
       Sacrifice Love    |       |     1 |       |       ||     1
       Reject Sacrifices |       |       |     1 |       ||     1
  Use: Potion            |       |     7 |       |       ||     7
       Scroll            |       |     4 |     8 |     2 ||    14
 Stab: Sleeping          |    18 |    24 |    45 |    37 ||   124
       Distracted        |     1 |       |     3 |     1 ||     5
       Invisible         |       |     1 |     5 |     6 ||    12
       Held in net/web   |       |       |     3 |       ||     3
Armor: Robe              |    19 |    32 |    27 |     7 ||    85
       Skin              |       |    10 |       |       ||    10
Dodge: Dodged            |   147 |   161 |   225 |   174 ||   707

Table legend: (Time is in decaauts)
 A = Elapsed time spent in this place.
 B = Non-inter-level travel time spent in this place.
 C = Inter-level travel time spent in this place.
 D = Time resting spent in this place.
 E = Time spent auto-exploring this place.
 F = Levels seen in this place.
 G = Mean time per level.
                   A        B        C        D        E       F      G
               +--------+--------+--------+--------+--------+-----+--------+
         Total |  11961 |  11732 |    229 |   3249 |   6047 |  13 |  920.1 |
       Dungeon |  10040 |   9811 |    229 |   2632 |   5254 |   9 | 1115.6 |
          Lair |   1481 |   1481 |      0 |    412 |    697 |   3 |  493.7 |
         Sewer |    439 |    439 |      0 |    204 |     95 |   1 |  439.0 |
               +--------+--------+--------+--------+--------+-----+--------+

Top non-repeatable levels by time:
     D:1: 2313 daAuts
     D:6: 1191 daAuts
     D:2: 1012 daAuts
     D:3: 1003 daAuts
     D:4: 977 daAuts
     D:9: 954 daAuts
     D:8: 927 daAuts
     D:7: 832 daAuts
     D:5: 828 daAuts
  Lair:1: 547 daAuts
  Lair:2: 518 daAuts
   Sewer: 439 daAuts
  Lair:3: 415 daAuts
